 Dungeon Crawl Stone Soup version 0.19-a0-459-gb8ed64d (webtiles) character file.

161 mistymad the Vexing (level 5, 0/38 HPs)
             Began as a Vampire Enchanter on June 2, 2016.
             Killed from afar by an orc wizard (7 damage)
             ... with a magic dart
             ... on level 3 of the Dungeon.
             The game lasted 00:08:09 (2902 turns).

mistymad the Vexing (Vampire Enchanter)             Turns: 2902, Time: 00:08:10

Health: 0/38       AC:  4    Str:  7    XL:     5   Next: 19%
Magic:  1/8        EV: 13    Int: 17    God:
Gold:   66         SH:  0    Dex: 16    Spells: 3 memorised, 3 levels left

rFire  . . .     SeeInvis +     a - +1 dagger
rCold  . . .     Gourm    .     b - +1 robe
rNeg   + . .     Faith    .     (no shield)
rPois  .         Spirit   .     (no helmet)
rElec  .         Dismiss  .     (no cloak)
rCorr  .         Reflect  .     (no gloves)
SustAt .         Harm     .     u - +0 pair of boots
MR     .....                    (no amulet)
Stlth  +.........               (no ring)
                                (no ring)

@: confused, not resistant to hostile enchantments, very unstealthy
A: fangs 3, see invisible, unbreathing
a: Bat Form


You were on level 3 of the Dungeon.
You were not thirsty.

You visited 1 branch of the dungeon, and saw 3 of its levels.

You collected 66 gold pieces.

Inventory:

Hand Weapons
 a - a +1 dagger (weapon)
 g - a cursed -1 dagger
Armour
 b - a +1 robe (worn)
 f - a +2 leather armour of magic resistance
 i - a +1 leather armour of fire resistance
 r - a cursed +0 scale mail
 u - a +0 pair of boots (worn)
Jewellery
 h - an uncursed ring of poison resistance {unknown}
Scrolls
 e - a scroll of fear {unknown}
 j - 2 scrolls of teleportation {unknown}
 k - 4 scrolls of identify {unknown}
 n - 2 scrolls of remove curse {unknown}
 o - a scroll of enchant armour {unknown}
 p - 2 scrolls of immolation {unknown}
 q - 2 scrolls of random uselessness {unknown}
Potions
 d - 11 potions of blood
 l - a potion of berserk rage {unknown}
 m - a potion of might {unknown}
 s - a potion of heal wounds {unknown}
 t - a potion of degeneration {unknown}
 v - a potion of agility {unknown}
Books
 c - a book of Maledictions

   Spells                             Type                      Level
   a - Corona                         Hexes                        1
   b - Ensorcelled Hibernation        Hexes/Ice                    2
   c - Confuse                        Hexes                        3
   d - Tukima's Dance                 Hexes                        3
   e - Dazzling Spray                 Conjuration/Hexes            3


   Skills:
 + Level 2.0 Fighting
 + Level 2.5 Short Blades
 + Level 2.8 Dodging
 + Level 5.2 Stealth
 + Level 2.5 Spellcasting
 + Level 5.5 Hexes


You had 3 spell levels left.
You knew the following spells:

 Your Spells              Type           Power        Failure   Level  Hunger
a - Corona                Hex            ###....      1%          1    #......
b - Ensorcelled Hibernat  Hex/Ice        ##....       12%         2    ##.....
c - Confuse               Hex            ###.....     8%          3    ###....


Dungeon Overview and Level Annotations

Branches:
Dungeon (3/15)

Altars:
Sif Muna


Innate Abilities, Weirdness & Mutations

You have razor-sharp teeth.
You have supernaturally acute eyesight. (SInv)
You can survive without breathing.


Message History

You take 2 damage, and have 9/38 hp.
The orc wizard misses you.
Casting: Confuse
Confirm with . or Enter, or press ? or * to list all spells.
Aiming: Confuse
Press: ? - help, Shift-Dir - straight line, f/p - orc wizard
Aim: an orc wizard, wielding a dagger and wearing a robe (heavily wounded, chance to defeat MR: 50%)
The orc wizard resists with some effort.
The orc wizard casts a spell at you. The magic dart hits you!
* * * LOW HITPOINT WARNING * * *
You take 4 damage, and have 6/38 hp.
You now have 0/8 mp.
The orc wizard points at you and mumbles some strange words.
You are confused.
The orc wizard casts a spell at you. You resist with some effort.
The crimson imp blinks!
You bump into the rock wall.
The orc wizard points at you and mumbles some strange words.
The magic dart hits you!
You die...

............+
####....)..## ######
#..........# ......
#.##.......#####.......
##..<#......[.......
#.###..............
...#.........# ####
.#######o#.......#
.......@.#.......####
##########....5...5.#
#######....# #....#
#....# #..).####
#........ #........
#####....


You could see an orc wizard.

Vanquished Creatures
  An orc priest (D:3)
  3 gnolls (D:2)
  4 adders
  An ooze (D:3)
  A worm (D:3)
  A dart slug (D:1)
  2 giant geckos
  3 orcs (D:3)
  3 giant cockroaches
  6 goblins
  8 hobgoblins
  3 jackals (D:2)
  3 quokkas
  8 bats
  3 kobolds
  4 rats
54 creatures vanquished.

Notes
Turn   | Place    | Note
--------------------------------------------------------------
     0 | D:1      | mistymad the Vampire Enchanter began the quest for the Orb.
     0 | D:1      | Reached XP level 1. HP: 13/13 MP: 3/3
   299 | D:1      | Reached XP level 2. HP: 6/20 MP: 5/5
   303 | D:1      | Learned a level 2 spell: Ensorcelled Hibernation
   832 | D:2      | Reached skill level 1 in Fighting
   832 | D:2      | Reached skill level 5 in Hexes
   852 | D:2      | Reached XP level 3. HP: 26/26 MP: 4/6
   857 | D:2      | Learned a level 3 spell: Confuse
  1300 | D:2      | Reached XP level 4. HP: 32/32 MP: 0/7
  1706 | D:2      | Found a deep blue altar of Sif Muna.
  2707 | D:3      | Reached skill level 5 in Stealth
  2711 | D:3      | Reached XP level 5. HP: 32/38 MP: 1/8
  2902 | D:3      | Killed from afar by an orc wizard

Vault maps used:
D:1:      lemuel_arrival_cross, serial_glass, glass_columns_c, glass_columns_c
D:2:      led_sif_pool
D:3:      st_stairs_8

Skill      XL: |  1  2  3  4  5 |
---------------+----------------+-----
Fighting       | 1 2 |  2.0
Hexes          | 5 |  5.5
Short Blades   | 2 |  2.5
Stealth        | 5 |  5.2
Dodging        | |  2.8
Spellcasting   | |  2.5

Action                   |  1- 3 |  4- 6 || total
-------------------------+-------+-------++-------
Melee: Dagger            |    96 |   140 ||   236
       Bite              |     7 |    10 ||    17
 Cast: Ensorcelled Hiber |     5 |    11 ||    16
       Confuse           |     2 |    12 ||    14
  Use: Potion            |       |     5 ||     5
 Stab: Sleeping          |    12 |     8 ||    20
       Confused          |     1 |     1 ||     2
       Distracted        |       |     1 ||     1
Armor: Robe              |    25 |    32 ||    57
Dodge: Dodged            |    72 |    88 ||   160
